 Dungeon Crawl Stone Soup version 0.23.2-1-ga50397a6bc (webtiles) character file.

Game seed: 1985044179407071838

376 MisterOstroum the Slasher (level 6, -6/51 HPs)
             Began as a Demonspawn Monk on Apr 20, 2019.
             Was a Believer of Makhleb.
             Mangled by Duvessa
             ... wielding a +0 short sword
              (7 damage)
             ... on level 3 of the Dungeon on Apr 21, 2019.
             The game lasted 00:28:56 (5082 turns).

MisterOstroum the Slasher (Demonspawn Monk)         Turns: 5082, Time: 00:28:57

Health: -6/51      AC:  7    Str: 11    XL:     6   Next: 44%
Magic:  0/6        EV: 12    Int: 12    God:    Makhleb [**....]
Gold:   95         SH:  0    Dex: 17    Spells: 5/5 levels left

rFire    . . .     SeeInvis .   a - +0 falchion
rCold    . . .     Gourm    .   (no shield)
rNeg     . . .     Faith    .   y - +3 leather armour
rPois    .         Spirit   +   (no helmet)
rElec    .         Reflect  .   t - scarf {Spirit}
rCorr    .         Harm     .   (no gloves)
MR       .....                  (no boots)
Stlth    ++........             (no amulet)
HPRegen  0.17/turn              (no ring)
MPRegen  0.10/turn              (no ring)

@: no status effects
A: claws 1, rugged brown scales 1, spiny 1
a: Minor Destruction, Renounce Religion


You were on level 3 of the Dungeon.
You worshipped Makhleb.
Makhleb was pleased with you.
You were not hungry.

You visited 1 branch of the dungeon, and saw 4 of its levels.

You collected 176 gold pieces.
You spent 81 gold pieces at shops.

Inventory:

Hand Weapons
 a - a +0 falchion (weapon)
 p - a +0 long sword
Missiles
 d - 182 stones (quivered)
 v - 9 tomahawks
Armour
 b - a +0 robe
 j - a +0 buckler
 t - a scarf of spirit shield (worn)
 y - a +3 leather armour (worn)
Scrolls
 e - 2 scrolls of enchant armour {unknown}
 g - 4 scrolls of teleportation {unknown}
 h - 3 scrolls of identify
 i - a scroll of blinking {unknown}
 k - 8 scrolls of remove curse {unknown}
 m - 2 scrolls of immolation {unknown}
 s - a scroll of fear {unknown}
Potions
 l - a potion of brilliance {unknown}
 n - a potion of haste {unknown}
 o - a potion of berserk rage {unknown}
 q - a potion of flight {unknown}
 r - a potion of might {unknown}
 w - a potion of curing {unknown}
Comestibles
 c - 9 rations
 u - 2 chunks of flesh


   Skills:
 + Level 4.8 Fighting
 * Level 5.7 Long Blades
 - Level 2.6 Dodging
 - Level 1.7 Stealth


You had 5 spell levels left.
You didn't know any spells.
Your spell library was empty.

Dungeon Overview and Level Annotations

Branches:
Dungeon (4/15)
 Temple: D:4-7

Altars:
Makhleb
Nemelex Xobeh
Okawaru
Wu Jian
The Shining One

Shops:
D:4 *

Annotations:
D:3 Duvessa


Innate Abilities, Weirdness & Mutations

You have sharp fingernails.
You are partially covered in rugged brown scales. (AC +1, +3% HP)
You are partially covered in sharp spines.


Message History

Duvessa is severely wounded.
Duvessa barely misses you.
You riposte.
You hit Duvessa.
Duvessa is severely wounded.
You hit Duvessa but do no damage.
Duvessa is severely wounded.
Duvessa closely misses you.
You riposte.
You hit Duvessa.
Duvessa is severely wounded.
You barely miss Duvessa.
Duvessa is severely wounded.
Duvessa is struck by your spines. Duvessa hits you with a +0 short sword!
* * * LOW HITPOINT WARNING * * *
Duvessa is struck by your spines. Duvessa hits you but does no damage.
You hit Duvessa.
Duvessa is almost dead.
Duvessa hits you with a +0 short sword!
* * * LOW HITPOINT WARNING * * *
You closely miss Duvessa.
Duvessa is almost dead.
Duvessa hits you with a +0 short sword!
You die...

#..# #... ##.# ##.. ♣.♣ #..
###♣♣.♣♣### #.. #.........#
##########.. #.#♣♣.♣♣#.#
#........#.. ##.# ♣.♣ #.##
#.########..
#####..###.###.÷## #.# #..
................@## #.# #..
#####..........e..####.# #..
.......................# #..
###....................# #..
# #....................# #..
# #....................# #..
####...................# #..
....#.....#.....#......#####
#..
###..#.##########..........#
#..


You could see Duvessa (berserk).

Vanquished Creatures
  Dowan (D:4)
  An orc priest (D:3)
  A jelly (D:4)
  An orc wizard (D:4)
  Jessica (D:3)
  An iguana (D:3)
  Natasha (D:4)
  6 adders
  A worm (D:2)
  2 dart slugs
  21 orcs
  9 bats
  2 giant cockroaches
  6 goblins
  9 hobgoblins
  3 jackals (D:3)
  9 kobolds
  2 quokkas
  A ball python (D:2)
  5 frilled lizards
  5 rats
88 creatures vanquished.

Notes
Turn   | Place    | Note
-------+----------+-------------------------------------------
     0 | D:1      | MisterOstroum the Demonspawn Monk began the quest for the
                  | Orb.
     0 | D:1      | Reached XP level 1. HP: 18/18 MP: 1/1
   166 | D:1      | Reached skill level 3 in Long Blades
   376 | D:1      | Gained mutation: You are partially covered in rugged brown
                  | scales. (AC +1, +3% HP) [demonic ancestry]
   376 | D:1      | Reached XP level 2. HP: 16/24 MP: 2/2
  1042 | D:2      | Reached XP level 3. HP: 12/29 MP: 3/3
  1738 | D:2      | Found a sparkling altar of Nemelex Xobeh.
  1910 | D:2      | Found an ornate altar of the Wu Jian Council.
  2230 | D:3      | Noticed a phantom
  2238 | D:3      | Reached skill level 4 in Long Blades
  2238 | D:3      | Gained mutation: You are partially covered in sharp spines.
                  | [demonic ancestry]
  2238 | D:3      | Reached XP level 4. HP: 33/38 MP: 4/4
  2729 | D:3      | Noticed Jessica
  2759 | D:3      | Killed Jessica
  3030 | D:3      | Reached XP level 5. HP: 42/43 MP: 5/5
  3866 | D:3      | Found a burning altar of Makhleb.
  3903 | D:3      | Found a glowing golden altar of the Shining One.
  4032 | D:3      | Became a worshipper of Makhleb the Destroyer
  4032 | D:3      | Reached * piety under Makhleb
  4032 | D:3      | Reached ** piety under Makhleb
  4046 | D:4      | Noticed Duvessa
  4046 | D:4      | Noticed Dowan
  4140 | D:4      | Reached skill level 5 in Long Blades
  4272 | D:4      | Found Toliolic's Assorted Antiques.
  4417 | D:4      | Bought a scroll labeled FOUCAERPHIN for 27 gold pieces
  4417 | D:4      | Bought a scroll labeled DUFUPR TIADO for 27 gold pieces
  4417 | D:4      | Bought a scroll labeled NUIFYBBAESUA for 27 gold pieces
  4566 | D:4      | Gained mutation: You have sharp fingernails. [demonic
                  | ancestry]
  4566 | D:4      | Reached XP level 6. HP: 37/50 MP: 4/6
  4682 | D:4      | Noticed Natasha
  4695 | D:4      | Killed Natasha
  4739 | D:4      | Found an iron altar of Okawaru.
  5070 | D:4      | Killed Dowan
  5081 | D:3      | HP: 1/51 [Duvessa/+0 short sword (9)]
  5082 | D:3      | Mangled by Duvessa

Skill      XL: |  1  2  3  4  5 |
---------------+----------------+-----
Long Blades    | 3 4 5 |  5.7
Fighting       | 4 |  4.8
Dodging        | |  2.6
Stealth        | |  1.7

Action                   |  1- 3 |  4- 6 || total
-------------------------+-------+-------++-------
Melee: Falchion          |    71 |    60 ||   131
       Long sword        |    25 |    79 ||   104
Throw: Stone             |    41 |    57 ||    98
  Use: Scroll            |       |     3 ||     3
       Potion            |       |     1 ||     1
 Stab: Sleeping          |     1 |     2 ||     3
  Eat: Chunk             |     4 |     8 ||    12
       Ration            |       |     1 ||     1
Armor: Robe              |    23 |    16 ||    39
       Leather armour    |       |    14 ||    14
Dodge: Dodged            |    89 |    76 ||   165
       Rpst.: Falchion   |    17 |    12 ||    29
       Long sword        |     4 |     6 ||    10
